| TOP OF THE 1ST |
|
Orem Owlz batting - Pitching for Seattle (APP) Mariners : LHP Mike Roberts
|
|
Pitching: LHP Mike Roberts
|
|
|
Batting: RHB Brian Spry
|
0-0: Called Strike 0-1: Swinging Strike 0-2: SINGLE (Groundball, 6MD, EV 96.2 MPH)
|
|
Batting: RHB Daniel Molina
|
0-0: Ball 1-0: Called Strike Brian Spry is caught stealing 2nd base 2-4 1-1: Foul Ball, location: 2F 1-2: Ground out 4-3 (Groundball, 4, EV 92.5 MPH)
|
|
Batting: RHB Carlos Gonzales
|
0-0: Ball 1-0: Fly out, F8 (Flyball, 8LD, EV 104.4 MPH)
|
| Top of the 1st over - 0 runs, 1 hit, 0 errors, 0 left on base; Orem 0 - Seattle (APP) 0 |
| BOTTOM OF THE 1ST |
|
Seattle (APP) Mariners batting - Pitching for Orem Owlz : LHP Tanner Scarlett
|
|
Pitching: LHP Tanner Scarlett
|
|
|
Batting: RHB Carlton McDonald
|
0-0: Called Strike 0-1: SINGLE (Groundball, 34D, EV 98.8 MPH)
|
|
Batting: RHB Caleb Dean
|
0-0: Ball 1-0: DOUBLE (Groundball, 5L, EV 103.1 MPH) Carlton McDonald to third
|
|
Batting: LHB William Gonzales
|
0-0: Called Strike 0-1: Ball 1-1: Called Strike 1-2: Strikes out swinging
|
|
Batting: RHB Rich Griffith
|
0-0: Called Strike 0-1: Ball 1-1: Ball 2-1: Ground out 3-1 (Groundball, 34, EV 105.0 MPH) Carlton McDonald scores Caleb Dean to third
|
|
Batting: RHB Eddie Luna
|
0-0: Ball 1-0: Ball 2-0: Ball 3-0: Called Strike 3-1: Base on Balls
|
|
Batting: RHB Joaquin Salazar
|
0-0: SINGLE (Groundball, 56D, EV 99.4 MPH) Caleb Dean scores Eddie Luna to second
|
|
Batting: RHB Ziven Badersky
|
0-0: Fielders Choice at 2nd, 5-4 (Groundball, 5, EV 101.9 MPH)
|
| Bottom of the 1st over - 2 runs, 3 hits, 0 errors, 2 left on base; Orem 0 - Seattle (APP) 2 |
| TOP OF THE 2ND |
|
Orem Owlz batting - Pitching for Seattle (APP) Mariners : LHP Mike Roberts
|
|
Batting: SHB Manuel Martinez
|
0-0: Called Strike 0-1: Ball 1-1: Swinging Strike 1-2: Strikes out looking
|
|
Batting: RHB Shawn Jansen
|
0-0: Ground out 6-3 (Groundball, 6M, EV 108.1 MPH)
|
|
Batting: RHB Brendan Garoutte
|
0-0: Called Strike 0-1: Foul Ball, location: 2F 0-2: Strikes out swinging
|
| Top of the 2nd over - 0 runs, 0 hits, 0 errors, 0 left on base; Orem 0 - Seattle (APP) 2 |
| BOTTOM OF THE 2ND |
|
Seattle (APP) Mariners batting - Pitching for Orem Owlz : LHP Tanner Scarlett
|
|
Batting: LHB Garrett Dodge
|
0-0: Ball 1-0: Foul Ball, location: 2F 1-1: Ball 2-1: Called Strike 2-2: Ball 3-2: DOUBLE (Flyball, 8RD, EV 102.5 MPH)
|
|
Batting: RHB Tristan Martin
|
0-0: Fly out, F6 (Line Drive, 6, EV 72.5 MPH) Lined into DP, 6-4 (Line Drive, 6, EV 72.5 MPH)
|
|
Batting: RHB Carlton McDonald
|
0-0: Ball 1-0: Ball 2-0: Ball 3-0: Base on Balls
|
|
Batting: RHB Caleb Dean
|
0-0: Foul Ball, location: 2F 0-1: Foul Ball, location: 2F 0-2: Fly out, F9 (Flyball, 89M, EV 86.9 MPH)
|
| Bottom of the 2nd over - 0 runs, 1 hit, 0 errors, 1 left on base; Orem 0 - Seattle (APP) 2 |
| TOP OF THE 3RD |
|
Orem Owlz batting - Pitching for Seattle (APP) Mariners : LHP Mike Roberts
|
|
Batting: LHB Kevin Feldman
|
0-0: Called Strike 0-1: Ball 1-1: Ground out 4-3 (Groundball, 34D, EV 103.8 MPH)
|
|
Batting: RHB Fernando Sosa
|
0-0: Called Strike 0-1: Ground out 6-3 (Groundball, 6, EV 80.0 MPH)
|
|
Batting: RHB Steve Neely
|
0-0: Ball 1-0: Foul Ball, location: 2F 1-1: Ball 2-1: Called Strike 2-2: Strikes out looking
|
| Top of the 3rd over - 0 runs, 0 hits, 0 errors, 0 left on base; Orem 0 - Seattle (APP) 2 |
| BOTTOM OF THE 3RD |
|
Seattle (APP) Mariners batting - Pitching for Orem Owlz : LHP Tanner Scarlett
|
|
Batting: LHB William Gonzales
|
0-0: Called Strike 0-1: Swinging Strike 0-2: Ball 1-2: Strikes out swinging
|
|
Batting: RHB Rich Griffith
|
0-0: Foul Ball, location: 2F 0-1: Ball 1-1: Ball 2-1: Ball 3-1: Foul Ball, location: 2F 3-2: Strikes out looking
|
|
Batting: RHB Eddie Luna
|
0-0: Swinging Strike 0-1: Ball 1-1: Swinging Strike 1-2: Strikes out swinging
|
| Bottom of the 3rd over - 0 runs, 0 hits, 0 errors, 0 left on base; Orem 0 - Seattle (APP) 2 |
| TOP OF THE 4TH |
|
Orem Owlz batting - Pitching for Seattle (APP) Mariners : LHP Mike Roberts
|
|
Batting: RHB Brian Spry
|
0-0: Foul Ball, location: 2F 0-1: Reached on error, E6 (Groundball, 6, EV 82.5 MPH)
|
|
Batting: RHB Daniel Molina
|
0-0: Called Strike 0-1: Ball 1-1: Ball 2-1: Fly out, F8 (Flyball, 8LM, EV 91.9 MPH)
|
|
Batting: RHB Carlos Gonzales
|
0-0: SINGLE (Groundball, 56D, EV 100.6 MPH) Brian Spry to second
|
|
Batting: SHB Manuel Martinez
|
0-0: Called Strike 0-1: Grounds into double play, 4-6-3 (Groundball, 34, EV 86.9 MPH)
|
| Top of the 4th over - 0 runs, 1 hit, 1 error, 1 left on base; Orem 0 - Seattle (APP) 2 |
| BOTTOM OF THE 4TH |
|
Seattle (APP) Mariners batting - Pitching for Orem Owlz : LHP Tanner Scarlett
|
|
Batting: RHB Joaquin Salazar
|
0-0: Foul Ball, location: 2F 0-1: Ground out 4-3 (Groundball, 4, EV 82.5 MPH)
|
|
Batting: RHB Ziven Badersky
|
0-0: Called Strike 0-1: Reached on error, E5 (Groundball, 5S, EV 67.5 MPH)
|
|
Batting: LHB Garrett Dodge
|
0-0: Ball 1-0: Ball 2-0: Ball 3-0: Base on Balls Ziven Badersky to second
|
|
Batting: RHB Tristan Martin
|
0-0: Ball Wild Pitch! Ziven Badersky to third Garrett Dodge to second 1-0: Ball 2-0: Ball 3-0: Foul Ball, location: 2F 3-1: Foul Ball, location: 2F 3-2: Foul Ball, location: 2F 3-2: DOUBLE (Line Drive, 89XD, EV 108.1 MPH) Ziven Badersky scores Garrett Dodge scores
|
|
Batting: RHB Carlton McDonald
|
0-0: Ball 1-0: Foul Ball, location: 2F 1-1: Called Strike 1-2: Foul Ball, location: 2F 1-2: Foul Ball, location: 2F 1-2: Hit by Pitch
|
|
Batting: RHB Caleb Dean
|
0-0: Ball 1-0: Ball 2-0: Ball 3-0: Base on Balls Tristan Martin to third Carlton McDonald to second
|
|
Batting: LHB William Gonzales
|
0-0: Foul Ball, location: 2F 0-1: Foul Ball, location: 2F 0-2: Ball 1-2: Foul Ball, location: 2F 1-2: Fly out, F8 (Line Drive, 8LM, EV 93.1 MPH)
|
|
Batting: RHB Rich Griffith
|
0-0: Foul Ball, location: 2F 0-1: Ball 1-1: GRAND SLAM HOME RUN (Flyball, 9LD, EV 96.2 MPH), Distance : 342 ft
|
|
Pitching: LHP Yee Koh
|
|
|
Batting: RHB Eddie Luna
|
0-0: Called Strike 0-1: Called Strike 0-2: Ball 1-2: Strikes out swinging
|
| Bottom of the 4th over - 6 runs, 2 hits, 1 error, 0 left on base; Orem 0 - Seattle (APP) 8 |
| TOP OF THE 5TH |
|
Orem Owlz batting - Pitching for Seattle (APP) Mariners : LHP Mike Roberts
|
|
Batting: RHB Shawn Jansen
|
0-0: Called Strike 0-1: Ball 1-1: Ball 2-1: Ground out 6-3 (Groundball, 6, EV 100.0 MPH)
|
|
Batting: RHB Brendan Garoutte
|
0-0: Ball 1-0: Foul Ball, location: 2F 1-1: Ball 2-1: Ball 3-1: Foul Ball, location: 2F 3-2: Foul Ball, location: 2F 3-2: Strikes out looking
|
|
Batting: LHB Kevin Feldman
|
0-0: Ball 1-0: Called Strike 1-1: Ball 2-1: Swinging Strike 2-2: Ball 3-2: Base on Balls
|
|
Batting: RHB Fernando Sosa
|
0-0: Ball 1-0: Ball 2-0: Foul Ball, location: 2F 2-1: Ball 3-1: Called Strike 3-2: Foul Ball, location: 2F 3-2: Foul Ball, location: 2F 3-2: Base on Balls Kevin Feldman to second
|
|
Pitching: RHP Jayden Ross
|
|
|
Batting: RHB Steve Neely
|
0-0: Ball 1-0: Ball 2-0: Called Strike 2-1: Foul Ball, location: 2F 2-2: Strikes out swinging
|
| Top of the 5th over - 0 runs, 0 hits, 0 errors, 2 left on base; Orem 0 - Seattle (APP) 8 |
| BOTTOM OF THE 5TH |
|
Seattle (APP) Mariners batting - Pitching for Orem Owlz : LHP Yee Koh
|
|
Batting: RHB Joaquin Salazar
|
0-0: Ball 1-0: Ball 2-0: Ground out 5-3 (Groundball, 5D, EV 84.4 MPH)
|
|
Batting: RHB Ziven Badersky
|
0-0: Ball 1-0: Called Strike 1-1: Swinging Strike 1-2: Foul Ball, location: 2F 1-2: Ball 2-2: Strikes out swinging
|
|
Batting: LHB Garrett Dodge
|
0-0: Ball 1-0: Called Strike 1-1: Called Strike 1-2: Strikes out looking
|
| Bottom of the 5th over - 0 runs, 0 hits, 0 errors, 0 left on base; Orem 0 - Seattle (APP) 8 |
| TOP OF THE 6TH |
|
Orem Owlz batting - Pitching for Seattle (APP) Mariners : RHP Jayden Ross
|
|
Batting: RHB Brian Spry
|
0-0: Foul Ball, location: 2F 0-1: Ball 1-1: Fly out, F7 (Line Drive, 7, EV 88.8 MPH)
|
|
Batting: RHB Daniel Molina
|
0-0: Reached on error, E5 (Groundball, 5S, EV 86.9 MPH)
|
|
Batting: RHB Carlos Gonzales
|
0-0: Called Strike Daniel Molina steals 3rd base 0-1: Called Strike 0-2: Ball Wild Pitch! Daniel Molina scores 1-2: Ball 2-2: Strikes out looking
|
|
Batting: SHB Manuel Martinez
|
0-0: Foul Ball, location: 2F 0-1: Foul Ball, location: 2F 0-2: Ball 1-2: Foul Ball, location: 2F 1-2: Ball 2-2: Reached on error, E5 (Groundball, 56, EV 96.9 MPH)
|
|
Batting: RHB Shawn Jansen
|
0-0: Called Strike 0-1: Foul Ball, location: 2F 0-2: Fly out, F9 (Flyball, 9LMF, EV 90.6 MPH)
|
| Top of the 6th over - 1 run, 0 hits, 2 errors, 1 left on base; Orem 1 - Seattle (APP) 8 |
| BOTTOM OF THE 6TH |
|
Seattle (APP) Mariners batting - Pitching for Orem Owlz : LHP Yee Koh
|
|
Batting: RHB Tristan Martin
|
0-0: Foul Ball, location: 2F 0-1: Ball 1-1: Foul Ball, location: 2F 1-2: Ball 2-2: Foul Ball, location: 2F 2-2: Strikes out swinging
|
|
Batting: RHB Carlton McDonald
|
0-0: Swinging Strike 0-1: Swinging Strike 0-2: Foul Ball, location: 2F 0-2: Strikes out swinging
|
|
Batting: RHB Caleb Dean
|
0-0: Ball 1-0: Ball 2-0: Called Strike 2-1: Ball 3-1: Base on Balls
|
|
Batting: LHB William Gonzales
|
0-0: Ball 1-0: Ball 2-0: Ball 3-0: Base on Balls Caleb Dean to second
|
|
Batting: RHB Rich Griffith
|
0-0: Foul Ball, location: 2F 0-1: Called Strike 0-2: Foul Ball, location: 2F 0-2: Strikes out swinging
|
| Bottom of the 6th over - 0 runs, 0 hits, 0 errors, 2 left on base; Orem 1 - Seattle (APP) 8 |
| TOP OF THE 7TH |
|
Orem Owlz batting - Pitching for Seattle (APP) Mariners : RHP Jayden Ross
|
|
Batting: RHB Brendan Garoutte
|
0-0: Ball 1-0: SINGLE (Line Drive, 5D, EV 93.8 MPH)
|
|
Batting: LHB Kevin Feldman
|
0-0: Called Strike Brendan Garoutte steals 2nd base (no throw) 0-1: Ball 1-1: Ball Wild Pitch! Brendan Garoutte to third 2-1: Ball 3-1: Called Strike 3-2: Ground out 6-3 (Groundball, 6, EV 79.4 MPH) Brendan Garoutte scores
|
|
Pinch Hitting: LHB David Coatney
|
0-0: Ball 1-0: Ball 2-0: Ball 3-0: Base on Balls
|
|
Pinch Hitting: SHB Cesar Carrasquillo
|
0-0: Ball 1-0: Called Strike 1-1: Foul Ball, location: 2F 1-2: Ball 2-2: Foul Ball, location: 2F 2-2: Ball 3-2: Foul Ball, location: 2F 3-2: Strikes out swinging
|
|
Batting: RHB Brian Spry
|
0-0: Swinging Strike 0-1: Ball 1-1: Ball 2-1: Ground out 4-3 (Groundball, P, EV 90.0 MPH)
|
| Top of the 7th over - 1 run, 1 hit, 0 errors, 1 left on base; Orem 2 - Seattle (APP) 8 |
| BOTTOM OF THE 7TH |
|
Seattle (APP) Mariners batting - Pitching for Orem Owlz : LHP Yee Koh
|
|
Pitching: RHP Jim Sawicki
|
|
|
Now at SS: Fred Saxton
|
|
|
Now in RF: David Coatney
|
|
|
Batting: RHB Eddie Luna
|
0-0: Called Strike 0-1: Ball 1-1: Ground out 5-3 (Groundball, 56S, EV 82.5 MPH)
|
|
Batting: RHB Joaquin Salazar
|
0-0: SINGLE (Line Drive, 8LS, EV 99.4 MPH)
|
|
Batting: RHB Ziven Badersky
|
0-0: Ball 1-0: Ball 2-0: Ball 3-0: Base on Balls Joaquin Salazar to second
|
|
Batting: LHB Garrett Dodge
|
0-0: Ball 1-0: Fielders Choice at 2nd, 5-4 (Groundball, 56, EV 90.0 MPH) Joaquin Salazar to third
|
|
Batting: RHB Tristan Martin
|
0-0: Ball 1-0: Swinging Strike 1-1: Swinging Strike 1-2: Strikes out swinging
|
| Bottom of the 7th over - 0 runs, 1 hit, 0 errors, 2 left on base; Orem 2 - Seattle (APP) 8 |
| TOP OF THE 8TH |
|
Orem Owlz batting - Pitching for Seattle (APP) Mariners : RHP Jayden Ross
|
|
Batting: RHB Daniel Molina
|
0-0: Hit by Pitch
|
|
Pitching: RHP Ross Hallock
|
|
|
Batting: RHB Carlos Gonzales
|
0-0: Ball 1-0: Called Strike 1-1: Swinging Strike 1-2: Strikes out swinging
|
|
Batting: SHB Manuel Martinez
|
0-0: Ball 1-0: Ball 2-0: Ball 3-0: Base on Balls Daniel Molina to second
|
|
Batting: RHB Shawn Jansen
|
0-0: Ball 1-0: SINGLE (Groundball, 34D, EV 96.9 MPH) Daniel Molina to third Manuel Martinez to second Runner from 3rd tries for Home, SAFE, throw by RF to home
|
|
Pinch Hitting: LHB Bill Girton
|
0-0: Foul Ball, location: 2F 0-1: Called Strike 0-2: Strikes out swinging
|
|
Pitching: RHP Daniel Villalobos
|
|
|
Batting: LHB Kevin Feldman
|
0-0: Called Strike 0-1: Fielders Choice at 2nd, 6-4 (Groundball, 6, EV 80.0 MPH)
|
| Top of the 8th over - 1 run, 1 hit, 0 errors, 2 left on base; Orem 3 - Seattle (APP) 8 |
| BOTTOM OF THE 8TH |
|
Seattle (APP) Mariners batting - Pitching for Orem Owlz : RHP Jim Sawicki
|
|
Now at 2B: Jesse Sargent
|
|
|
Batting: RHB Carlton McDonald
|
0-0: Ground out 6-3 (Groundball, 6M, EV 91.2 MPH)
|
|
Batting: RHB Caleb Dean
|
0-0: Foul Ball, location: 2F 0-1: Ball 1-1: Ball 2-1: Fly out, F7 (Flyball, 7S, EV 93.1 MPH)
|
|
Pitching: RHP Dean Aspden
|
|
|
Batting: LHB William Gonzales
|
0-0: Ball 1-0: Ball 2-0: Called Strike 2-1: Ball 3-1: Foul Ball, location: 2F 3-2: Base on Balls
|
|
Batting: RHB Rich Griffith
|
0-0: Called Strike 0-1: Ball 1-1: Ball 2-1: Ball 3-1: Called Strike 3-2: Ground out 5-3 (Groundball, 5L, EV 85.0 MPH)
|
| Bottom of the 8th over - 0 runs, 0 hits, 0 errors, 1 left on base; Orem 3 - Seattle (APP) 8 |
| TOP OF THE 9TH |
|
Orem Owlz batting - Pitching for Seattle (APP) Mariners : RHP Daniel Villalobos
|
|
Batting: LHB David Coatney
|
0-0: Swinging Strike 0-1: Ball 1-1: Swinging Strike 1-2: Strikes out swinging
|
|
Batting: RHB Fred Saxton
|
0-0: Ball 1-0: Ball 2-0: SINGLE (Line Drive, 8RS, EV 101.2 MPH)
|
|
Batting: RHB Brian Spry
|
0-0: Foul Ball, location: 2F 0-1: Foul Ball, location: 2F 0-2: Ball 1-2: Foul Ball, location: 2F 1-2: Ball 2-2: Ball 3-2: Base on Balls Fred Saxton to second
|
|
Batting: RHB Daniel Molina
|
0-0: Swinging Strike 0-1: Foul Ball, location: 2F 0-2: Ball 1-2: Ball 2-2: Foul Ball, location: 2F 2-2: Ball 3-2: Strikes out looking
|
|
Pinch Hitting: RHB Wilford Harper
|
0-0: Called Strike 0-1: Ball 1-1: Ball 2-1: Ball 3-1: Base on Balls Fred Saxton to third Brian Spry to second
|
|
Batting: SHB Manuel Martinez
|
0-0: Ball 1-0: Called Strike 1-1: Ball 2-1: Ground out 4-3 (Groundball, 4, EV 90.0 MPH)
|
| Top of the 9th over - 0 runs, 1 hit, 0 errors, 3 left on base; Orem 3 - Seattle (APP) 8 |
|